 Dungeon Crawl Stone Soup version 0.21-a0-538-gd16b88a (webtiles) character file.

1500 tidbits the Insei (level 8, -4/61 HPs)
             Began as a Gnoll Transmuter on Dec 15, 2017.
             Was a Follower of Cheibriados.
             Splashed by a jelly's acid (8 damage)
             ... on level 8 of the Dungeon.
             The game lasted 00:16:03 (1552 turns).

tidbits the Insei (Gnoll Transmuter)                Turns: 1552, Time: 00:16:04

Health: -4/61      AC:  2    Str: 15    XL:     8   Next: 81%
Magic:  21/26      EV: 16    Int: 20    God:    Cheibriados [*.....]
Gold:   157        SH: 12    Dex: 20    Spells: 13/19 levels left

rFire    . . .     SeeInvis .     - Unarmed
rCold    . . .     Gourm    .   D - +2 buckler
rNeg     + + +     Faith    .   w - +1 leather armour "Busteth" {*Corrode rN+++ Regen+ MP-9}
rPois    .         Spirit   .   (no helmet)
rElec    .         Reflect  .   (no cloak)
rCorr    .         Harm     .   v - +0 pair of gloves
MR       .....     Clarity  +   F - +0 pair of boots
Stlth    +++.......             (no amulet)
HPRegen  0.60/turn              o - ring of magical power
MPRegen  0.20/turn              p - ring of magical power

@: corroded, very slightly contaminated, very slow
A: distributed training, claws 1, fangs 1, large bone plates 1, clarity, strong
nose
a: Bend Time, Renounce Religion


You were on level 8 of the Dungeon.
You worshipped Cheibriados.
Cheibriados was aware of your devotion.
You were not hungry.

You visited 1 branch of the dungeon, and saw 8 of its levels.
You also visited: Ossuary.

You collected 157 gold pieces.

Inventory:

Hand Weapons
 b - a +0 hunting sling
 i - a +1 flail of venom
   (You took it off Edmund on level 5 of the Dungeon)
 C - a +3 quarterstaff
Missiles
 a - an arrow
 g - 32 stones (quivered)
 q - 19 sling bullets
Armour
 j - a +0 ring mail
 v - a +0 pair of gloves (worn)
 w - the +1 leather armour "Busteth" (worn) {*Corrode rN+++ Regen+ MP-9}
   (You took it off a gnoll on level 5 of the Dungeon)

   It renders you almost immune to negative energy.
   It affects your magic capacity (-9).
   It increases your rate of regeneration.
   It may corrode you when you take damage.
 B - a +0 robe
 D - a +2 buckler (worn)
 E - a +0 leather armour of positive energy
   (You took it off Duvessa on level 7 of the Dungeon)
 F - a +0 pair of boots (worn)
 G - a +2 robe of magic resistance
   (You took it off Dowan on level 7 of the Dungeon)
Magical Staves
 A - an uncursed staff of power {unknown}
   (You found it on level 7 of the Dungeon)
Jewellery
 o - a ring of magical power (left hand)
   (You found it on level 4 of the Dungeon)
 p - a ring of magical power (right hand)
   (You found it in an ossuary)
Wands
 m - a wand of paralysis (6)
 x - a wand of flame (29)
Scrolls
 e - a scroll of immolation {unknown}
 f - 2 scrolls of vulnerability {unknown}
 h - a scroll of amnesia {unknown}
 k - 2 scrolls of magic mapping {unknown}
 l - 2 scrolls of teleportation {unknown}
 n - 3 scrolls of enchant armour
 y - 2 scrolls of fog {unknown}
 H - a scroll of noise {unknown}
Potions
 r - a potion of lignification
 s - 2 potions of curing
 t - 2 potions of ambrosia
 u - 2 potions of invisibility
 z - a potion of brilliance
Books
 c - a book of Changes

   Spells                             Type                      Level
   a - Beastly Appendage              Transmutation                1
   b - Sticks to Snakes               Transmutation                2
   c - Spider Form                    Transmutation/Poison         3
   d - Ice Form                       Ice/Transmutation            4
   e - Blade Hands                    Transmutation                5
Comestibles
 d - 2 bread rations


   Skills:
 + Level 4.4 Fighting
 + Level 3.5 Short Blades
 + Level 3.5 Long Blades
 + Level 3.5 Axes
 + Level 3.5 Maces & Flails
 + Level 3.5 Polearms
 + Level 3.5 Staves
 + Level 3.5 Slings
 + Level 3.5 Bows
 + Level 3.5 Crossbows
 + Level 3.5 Throwing
 + Level 3.5 Armour
 + Level 5.8 Dodging
 + Level 3.5 Stealth
 + Level 3.5 Shields
 + Level 7.5 Unarmed Combat
 + Level 6.2 Spellcasting
 + Level 2.9 Conjurations
 + Level 2.9 Hexes
 + Level 2.9 Charms
 + Level 2.9 Summonings
 + Level 2.9 Necromancy
 + Level 2.9 Translocations
 + Level 4.8 Transmutations
 + Level 2.9 Fire Magic
 + Level 2.9 Ice Magic
 + Level 2.9 Air Magic
 + Level 2.9 Earth Magic
 + Level 2.9 Poison Magic
 + Level 3.9 Invocations
 + Level 3.5 Evocations


You had 13 spell levels left.
You knew the following spells:

 Your Spells              Type           Power        Failure   Level  Hunger
e - Beastly Appendage     Tmut           ####..       1%          1    None
k - Sticks to Snakes      Tmut           ####....     2%          2    None
p - Spider Form           Tmut/Pois      ###.......   8%          3    ##.....


Dungeon Overview and Level Annotations

Branches:
Dungeon (8/15)             Temple (0/1) D:7
   Lair: D:8-11

Altars:
Cheibriados
Ru

Annotations:
D:3 Ijyb


Innate Abilities, Weirdness & Mutations

Your experience applies equally to all skills.
You have very sharp teeth.
Your uncanny sense of smell can sniff out nearby items.
You have sharp fingernails.
You are partially covered in large bone plates. (SH +4)
You possess an exceptional clarity of mind.


Message History

The orc wizard is heavily wounded.
The leopard gecko completely misses you.
The orc wizard misses you. The orc misses you.
Your ball python bites the orc wizard but does no damage.
Your ball python barely misses the orc wizard.
You kill the orc wizard!
Cheibriados thoroughly appreciates the change of pace.
The leopard gecko hisses menacingly.
Your ball python barely misses the leopard gecko.
Your ball python grabs the leopard gecko.
Your ball python constricts the leopard gecko.
The leopard gecko completely misses you.
Your ball python bites the leopard gecko but does no damage.
Your ball python constricts the leopard gecko.
You hit the leopard gecko but do no damage.
The leopard gecko is moderately wounded.
The orc misses your ball python.
Your ball python bites the leopard gecko.
Your ball python constricts the leopard gecko.
The leopard gecko completely misses you.
You bite the leopard gecko!
You kill the leopard gecko!
Cheibriados thoroughly appreciates the change of pace.
Evoke which item? (* to show all) (? for menu, Esc to quit)
Okay, then.
Unknown command.
Your transformation has ended.
Your +0 pair of gloves unmelds from your body.
Your +0 pair of boots unmelds from your body.
Your +2 buckler unmelds from your body.
The +1 leather armour "Busteth" {*Corrode rN+++ Regen+ MP-9} unmelds from your body.
The orc misses you.
The orc barely misses your ball python. x2
Evoke which item? (* to show all) (? for menu, Esc to quit)
Aiming: Paralyse
Press: ? - help, Shift-Dir - straight line, f - orc
Aim: an orc, wielding a hand axe (chance to defeat MR: 73%)
The orc suddenly stops moving!
The orc closely misses your ball python.
Evoke which item? (* to show all) (? for menu, Esc to quit)
Aiming: Paralyse
Press: ? - help, Shift-Dir - straight line, f - orc, p - orc
Aim: an orc, wielding a war axe and wearing a leather armour (chance to defeat MR: 73%)
The orc suddenly stops moving!
A wight comes into view. It is wielding an enchanted long sword.
There is a stone staircase leading down here.
You climb downwards.
Your summoned ally is left behind.
You hear the roar of battle.
There is an entrance to a bailey on this level.
Hurry and find it before the portal closes forever!
An iguana and a black bear come into view.
Found a bread ration and a leather armour.
There is a stone staircase leading up here.
Okay, then.
Unknown command.
A crocodile comes into view.
Casting: Spider Form
Confirm with . or Enter, or press ? or * to list all spells.
You miscast Spider Form.
You are very lightly contaminated with residual magic.
You feel faint for a moment.
Casting: Spider Form
Confirm with . or Enter, or press ? or * to list all spells.
You turn into a venomous arachnid creature.
Your +0 pair of gloves melds into your body.
Your +0 pair of boots melds into your body.
Your +2 buckler melds into your body.
The +1 leather armour "Busteth" {*Corrode rN+++ Regen+ MP-9} melds into your body.
The crocodile completely misses you. The crocodile bites you.
* * * LOW HITPOINT WARNING * * *
You closely miss the crocodile. The crocodile completely misses you.
You hit the crocodile.
The crocodile is poisoned.
The crocodile is moderately wounded.
The crocodile bites you!
* * * LOW HITPOINT WARNING * * *
You bite the crocodile!
The crocodile is severely wounded.
The crocodile completely misses you.
You bite the crocodile!
You kill the crocodile!
Cheibriados thoroughly appreciates the change of pace.
Cheibriados raises the support of your attributes as your movement slows.
A jelly comes into view.
The jelly quivers.
You bite the jelly! The acid corrodes you!
Your front legs burn!
* * * LOW HITPOINT WARNING * * *
The jelly is heavily wounded.
The jelly barely misses you.
You hit the jelly.
Your front legs burn!
* * * LOW HITPOINT WARNING * * *
The jelly is heavily wounded.
The jelly misses you.
Your transformation has ended.
Your +0 pair of gloves unmelds from your body.
Your +0 pair of boots unmelds from your body.
Your +2 buckler unmelds from your body.
The +1 leather armour "Busteth" {*Corrode rN+++ Regen+ MP-9} unmelds from your body.
The jelly hits you.
* * * LOW HITPOINT WARNING * * *
You are splashed with acid!
The acid burns!
You die...

....##....#
##..#.......###
.#......#......#
..........<....#
#.....###.#.l.#
..... #.# ...#.
∆... #.##.....
#J###†.....#.
#.@..##......
####..##.....
##.# ..##. ...
... .... ...
........ ......
######


You could see a jelly.

Vanquished Creatures
  Grinder (D:5)
  Edmund (D:5)
  Duvessa (D:7)
  A sky beast (D:7)
  A crocodile (D:8)
  4 scorpions
  Dowan (D:7)
  The ghost of tidbits the Digger, a weakling GnEE (D:4)
  A crimson imp (D:5)
  A centaur zombie (D:7)
  A human zombie (Ossuary)
  A hound (D:7)
  2 orc priests
  5 orc wizards
  A centaur skeleton (D:5)
  A worker ant (D:5)
  2 big kobold zombies (Ossuary)
  4 mummies
  A hound zombie (Ossuary)
  A worker ant zombie (D:5)
  3 adders (D:5)
  3 gnolls (D:5)
  A shadow imp (D:5)
  An adder zombie (Ossuary)
  An adder skeleton (D:5)
  2 worms
  A dart slug (D:1)
  2 leopard geckos
  9 orcs
  A ball python (D:2)
  5 bats
  3 giant cockroaches
  3 goblins (D:3)
  5 hobgoblins
  2 jackals (D:7)
  A goblin zombie (Ossuary)
  2 hobgoblin zombies (Ossuary)
  A kobold zombie (Ossuary)
  2 leopard gecko skeletons
  A rat (D:1)
81 creatures vanquished.

Vanquished Creatures (collateral kills)
  A killer bee zombie (D:5)
  2 hound zombies (Ossuary)
  A mummy (Ossuary)
  An adder zombie (Ossuary)
5 creatures vanquished.

Grand Total: 86 creatures vanquished

Notes
Turn   | Place    | Note
-------+----------+-------------------------------------------
     0 | D:1      | tidbits the Gnoll Transmuter began the quest for the Orb.
     0 | D:1      | Reached XP level 1. HP: 17/17 MP: 6/6
    93 | D:2      | Reached XP level 2. HP: 22/23 MP: 5/7
    97 | D:2      | Learned a level 2 spell: Sticks to Snakes
   238 | D:3      | Noticed Ijyb
   280 | D:2      | Reached XP level 3. HP: 24/28 MP: 7/9
   305 | D:2      | Learned a level 3 spell: Spider Form
   310 | D:3      | Reached skill level 5 in Spellcasting
   347 | D:3      | Reached skill level 1 in Short Blades
   347 | D:3      | Reached skill level 1 in Long Blades
   347 | D:3      | Reached skill level 1 in Axes
   347 | D:3      | Reached skill level 1 in Maces & Flails
   347 | D:3      | Reached skill level 1 in Polearms
   347 | D:3      | Reached skill level 1 in Staves
   347 | D:3      | Reached skill level 1 in Slings
   347 | D:3      | Reached skill level 1 in Bows
   347 | D:3      | Reached skill level 1 in Crossbows
   347 | D:3      | Reached skill level 1 in Throwing
   347 | D:3      | Reached skill level 1 in Armour
   347 | D:3      | Reached skill level 1 in Stealth
   347 | D:3      | Reached skill level 1 in Shields
   347 | D:3      | Reached skill level 1 in Invocations
   347 | D:3      | Reached skill level 1 in Evocations
   347 | D:3      | Reached XP level 4. HP: 22/34 MP: 7/11
   436 | D:4      | Reached skill level 1 in Conjurations
   436 | D:4      | Reached skill level 1 in Hexes
   436 | D:4      | Reached skill level 1 in Charms
   436 | D:4      | Reached skill level 1 in Summonings
   436 | D:4      | Reached skill level 1 in Necromancy
   436 | D:4      | Reached skill level 1 in Translocations
   436 | D:4      | Reached skill level 1 in Fire Magic
   436 | D:4      | Reached skill level 1 in Ice Magic
   436 | D:4      | Reached skill level 1 in Air Magic
   436 | D:4      | Reached skill level 1 in Earth Magic
   436 | D:4      | Reached skill level 1 in Poison Magic
   446 | D:4      | Noticed tidbits's ghost (weakling GnEE)
   450 | D:4      | Reached skill level 3 in Fighting
   450 | D:4      | Reached XP level 5. HP: 33/41 MP: 9/12
   457 | D:4      | Gained mutation: You have sharp fingernails. [potion of mutation]
   457 | D:4      | Gained mutation: You possess an exceptional clarity of mind. [potion of mutation]
   457 | D:4      | Gained mutation: You are partially covered in large bone plates. (SH +4) [potion of mutation]
   466 | D:4      | Killed tidbits's ghost
   466 | D:4      | Reached skill level 4 in Transmutations
   501 | D:4      | Reached XP level 6. HP: 30/47 MP: 6/13
   503 | D:4      | Reached skill level 2 in Invocations
   566 | D:4      | Found a sand-covered staircase.
   571 | Ossuary  | Entered an ossuary
   623 | Ossuary  | Reached skill level 5 in Dodging
   631 | Ossuary  | Reached skill level 2 in Short Blades
   631 | Ossuary  | Reached skill level 2 in Long Blades
   631 | Ossuary  | Reached skill level 2 in Axes
   631 | Ossuary  | Reached skill level 2 in Maces & Flails
   631 | Ossuary  | Reached skill level 2 in Polearms
   631 | Ossuary  | Reached skill level 2 in Staves
   631 | Ossuary  | Reached skill level 2 in Slings
   631 | Ossuary  | Reached skill level 2 in Bows
   631 | Ossuary  | Reached skill level 2 in Crossbows
   631 | Ossuary  | Reached skill level 2 in Throwing
   631 | Ossuary  | Reached skill level 2 in Armour
   631 | Ossuary  | Reached skill level 2 in Stealth
   631 | Ossuary  | Reached skill level 2 in Shields
   631 | Ossuary  | Reached skill level 2 in Evocations
   808 | D:5      | Entered Level 5 of the Dungeon
   893 | D:5      | Noticed Grinder
   914 | D:5      | Reached XP level 7. HP: 21/52 MP: 15/15
   920 | D:5      | Killed Grinder
   920 | D:5      | Reached skill level 7 in Unarmed Combat
   920 | D:5      | Reached skill level 2 in Conjurations
   920 | D:5      | Reached skill level 2 in Hexes
   920 | D:5      | Reached skill level 2 in Charms
   920 | D:5      | Reached skill level 2 in Summonings
   920 | D:5      | Reached skill level 2 in Necromancy
   920 | D:5      | Reached skill level 2 in Translocations
   920 | D:5      | Reached skill level 2 in Fire Magic
   920 | D:5      | Reached skill level 2 in Ice Magic
   920 | D:5      | Reached skill level 2 in Air Magic
   920 | D:5      | Reached skill level 2 in Earth Magic
   920 | D:5      | Reached skill level 2 in Poison Magic
  1000 | D:5      | Found a sacrificial altar of Ru.
  1026 | D:5      | Found a snail-covered altar of Cheibriados.
  1038 | D:5      | Became a worshipper of Cheibriados the Contemplative
  1116 | D:5      | Reached skill level 3 in Invocations
  1151 | D:5      | Noticed Edmund
  1172 | D:5      | Killed Edmund
  1172 | D:5      | Reached XP level 8. HP: 28/60 MP: 16/16
  1177 | D:5      | Got an encrusted leather armour
  1199 | D:5      | Identified the +1 leather armour "Busteth" {*Corrode rN+++ Regen+ MP-9} (You took it off a gnoll on level 5 of the Dungeon)
  1244 | D:5      | Reached skill level 4 in Fighting
  1244 | D:5      | Reached skill level 3 in Short Blades
  1244 | D:5      | Reached skill level 3 in Long Blades
  1244 | D:5      | Reached skill level 3 in Axes
  1244 | D:5      | Reached skill level 3 in Maces & Flails
  1244 | D:5      | Reached skill level 3 in Polearms
  1244 | D:5      | Reached skill level 3 in Staves
  1244 | D:5      | Reached skill level 3 in Slings
  1244 | D:5      | Reached skill level 3 in Bows
  1244 | D:5      | Reached skill level 3 in Crossbows
  1244 | D:5      | Reached skill level 3 in Throwing
  1244 | D:5      | Reached skill level 3 in Armour
  1244 | D:5      | Reached skill level 3 in Stealth
  1244 | D:5      | Reached skill level 3 in Shields
  1244 | D:5      | Reached skill level 3 in Evocations
  1415 | D:7      | Found a staircase to the Ecumenical Temple.
  1418 | D:7      | Noticed Duvessa
  1426 | D:7      | Reached skill level 6 in Spellcasting
  1437 | D:7      | Noticed Dowan
  1467 | D:7      | Killed Duvessa
  1474 | D:7      | Killed Dowan
  1474 | D:7      | Reached * piety under Cheibriados
  1520 | D:7      | HP: 4/61 [orc wizard/magic dart (10)]
  1551 | D:8      | HP: 4/61 [acid (4)]
  1552 | D:8      | Splashed by a jelly's acid

Vault maps used:
D:1:      saegor_arrival_under_anarchy
D:2:      uniq_terence
D:3:      minivault_14, uniq_sigmund, uniq_ijyb
D:4:      nicolae_ossuary_entry_false_entrances, uniq_crazy_yiuf_cottage
D:5:      slow_altar_1, first_bread, hangedman_ru_absence, uniq_edmund,
          uniq_grinder
D:6:      tso_altar, serial_shops, shop_statue, hangedman_decor_points
D:7:      minmay_temple_entry_statues, uniq_duvessa
D:8:      enter_bailey_3
Ossuary:  ossuary_minmay_tomb_2a

Skill      XL: |  1  2  3  4  5  6  7  8 |
---------------+-------------------------+-----
Spellcasting   | 5 6 |  6.2
Short Blades   | 1 2 3 |  3.5
Long Blades    | 1 2 3 |  3.5
Axes           | 1 2 3 |  3.5
Maces & Flails | 1 2 3 |  3.5
Polearms       | 1 2 3 |  3.5
Staves         | 1 2 3 |  3.5
Slings         | 1 2 3 |  3.5
Bows           | 1 2 3 |  3.5
Crossbows      | 1 2 3 |  3.5
Throwing       | 1 2 3 |  3.5
Armour         | 1 2 3 |  3.5
Stealth        | 1 2 3 |  3.5
Shields        | 1 2 3 |  3.5
Invocations    | 1 2 3 |  3.9
Evocations     | 1 2 3 |  3.5
Conjurations   | 1 2 |  2.9
Hexes          | 1 2 |  2.9
Charms         | 1 2 |  2.9
Summonings     | 1 2 |  2.9
Necromancy     | 1 2 |  2.9
Translocations | 1 2 |  2.9
Fire Magic     | 1 2 |  2.9
Ice Magic      | 1 2 |  2.9
Air Magic      | 1 2 |  2.9
Earth Magic    | 1 2 |  2.9
Poison Magic   | 1 2 |  2.9
Fighting       | 3 4 |  4.4
Transmutations | 4 |  4.8
Dodging        | 5 |  5.8
Unarmed Combat | 7 |  7.5

Action                   |  1- 3 |  4- 6 |  7- 9 || total
-------------------------+-------+-------+-------++-------
Melee: Unarmed           |    57 |    99 |   109 ||   265
       Headbutt          |     9 |       |       ||     9
       Bite              |     8 |       |       ||     8
 Cast: Beastly Appendage |    11 |       |       ||    11
       Spider Form       |     1 |    13 |    17 ||    31
       Sticks to Snakes  |       |    11 |    10 ||    21
 Abil: End Transformatio |       |     1 |     6 ||     7
Evoke: Wand              |       |       |     4 ||     4
  Use: Potion            |       |     4 |     2 ||     6
       Scroll            |       |     4 |     2 ||     6
 Stab: Sleeping          |     1 |     2 |     1 ||     4
       Distracted        |       |     3 |     2 ||     5
       Paralysed         |       |       |     5 ||     5
  Eat: Chunk             |       |     1 |     1 ||     2
       Royal jelly       |       |       |     1 ||     1
Armor: Robe              |    12 |       |       ||    12
       Skin              |       |     4 |     2 ||     6
       Leather armour    |       |       |     1 ||     1
Dodge: Dodged            |    52 |   105 |    86 ||   243
Block: Other             |       |     4 |       ||     4
       Buckler           |       |       |     1 ||     1

Table legend:
 A = Spawn XP
 B = Non-spawn XP
 C = Spawn XP percentage of total XP
 D = Spawn monster count
 E = Non-spawn monster count
 F = Spawn count percentage of total count
 G = Total turns spent on level
                    A         B        C        D         E        F      G
               +---------+---------+-------+---------+---------+-------+---------
         Total |       0 |    2144 |   0.0 |       0 |      86 |   0.0 |  1552
               +---------+---------+-------+---------+---------+-------+---------
           D:1 |       0 |       9 |   0.0 |       0 |       4 |   0.0 |    85
           D:2 |       0 |      15 |   0.0 |       0 |       6 |   0.0 |   143
           D:3 |       0 |      62 |   0.0 |       0 |      11 |   0.0 |   130
           D:4 |       0 |     259 |   0.0 |       0 |      11 |   0.0 |   235
           D:5 |       0 |     864 |   0.0 |       0 |      23 |   0.0 |   488
           D:7 |       0 |     632 |   0.0 |       0 |      14 |   0.0 |   231
           D:8 |       0 |     100 |   0.0 |       0 |       1 |   0.0 |    16
       Ossuary |       0 |     203 |   0.0 |       0 |      16 |   0.0 |   215
               +---------+---------+-------+---------+---------+-------+---------

Table legend:
 A = Turns spent in this place as a percentage of turns spent in the entire game.
 B = Non-inter-level travel turns spent in this place as a percentage of non-inter-level travel turns spent in the entire game.
 C = Inter-level travel turns spent in this place as a percentage of turns spent in this place.
 D = Turns resting spent in this place as a percentage of non-inter-level travel turns spent in this place.
 E = Turns spent auto-exploring this place as a percentage of non-inter-level travel turns spent in this place.
 F = Non-inter-level travel turns spent in this place divided by the number of levels of this place that you've seen.
                   A       B       C       D       E      F
               +-------+-------+-------+-------+-------+----------------------
         Total | 100.0 | 100.0 |   0.0 |   0.0 |   0.0 | 172.4
       Dungeon |  86.1 |  86.1 |   0.0 |   0.0 |   0.0 | 167.1
       Ossuary |  13.9 |  13.9 |   0.0 |   0.0 |   0.0 | 215.0
               +-------+-------+-------+-------+-------+----------------------

Table legend:
 A = Kills in this place as a percentage of kills in entire the game.
 B = Kills by you in this place as a percentage of kills by you in the entire game.
 C = Kills by friends in this place as a percentage of kills by friends in the entire game.
 D = Other kills in this place as a percentage of other kills in the entire game.
 E = Experience gained in this place as a percentage of experience gained in the entire game.
 F = Experience gained in this place divided by the number of levels of this place that you have seen.
                   A       B       C       D       E      F
               +-------+-------+-------+-------+-------+----------------------
         Total | 100.0 | 100.0 | 100.0 |   N/A | 100.0 | 238.2
       Dungeon |  81.4 |  85.2 |  20.0 |   N/A |  90.5 | 242.6
       Ossuary |  18.6 |  14.8 |  80.0 |   N/A |   9.5 | 203.0
               +-------+-------+-------+-------+-------+----------------------

Vault maps used:
D:1:      saegor_arrival_under_anarchy
D:2:      uniq_terence
D:3:      minivault_14, uniq_sigmund, uniq_ijyb
D:4:      nicolae_ossuary_entry_false_entrances, uniq_crazy_yiuf_cottage
D:5:      slow_altar_1, first_bread, hangedman_ru_absence, uniq_edmund,
          uniq_grinder
D:6:      tso_altar, serial_shops, shop_statue, hangedman_decor_points
D:7:      minmay_temple_entry_statues, uniq_duvessa
D:8:      enter_bailey_3
Ossuary:  ossuary_minmay_tomb_2a
